 Dungeon Crawl Stone Soup version 0.30.0-29-ga12c61a403 (webtiles) character file.

Game seed: 11381088763518429232

102 monsoonserge the Shooter (level 4, -1/37 HPs)
             Began as a Minotaur Hunter on June 23, 2023.
             Was a Follower of Elyvilon.
             Slain by a gnoll
             ... wielding a +0 spear
             ... led by a gnoll bouda
              (2 damage)
             ... on level 3 of the Dungeon.
             The game lasted 00:05:24 (1894 turns).

monsoonserge the Shooter (Minotaur Hunter)          Turns: 1894, Time: 00:05:25

Health: -1/37      AC:  5    Str: 16 (19) XL:     4   Next: 50%
Magic:  3/3        EV: 11    Int: 10 (11) God:    Elyvilon [*.....]
Gold:   84         SH:  0    Dex: 18 (21) Spells: 3/3 levels left

rFire   . . .        a - +0 shortbow
rCold   . . .        (shield currently unavailable)
rNeg    . . .        f - +0 ring mail
rPois   .            g - +0 hat {Will+}
rElec   .            (no cloak)
rCorr   .            (no gloves)
SInv    .            (no boots)
Will    +....        (no amulet)
Stlth   +            e - +6 ring of intelligence
HPRegen 0.26/turn    n - +6 ring of dexterity
MPRegen 0.08/turn

%: no passive effects
@: brilliant, flying
A: horns 2, retaliatory headbutt, hooves 1, strong 1, evolution 1
a: Renounce Religion, Purification


You were on level 3 of the Dungeon.
You worshipped Elyvilon.
Elyvilon was aware of your devotion.
You visited 1 branch of the dungeon, and saw 3 of its levels.

You collected 84 gold pieces.

Inventory:

Hand Weapons
 a - a +0 shortbow (weapon)
 k - a +0 mace
Missiles
 s - 3 boomerangs
Armour
 c - a +0 leather armour
 f - a +0 ring mail (worn)
 g - a +0 hat of willpower (worn)
Jewellery
 e - a +6 ring of intelligence (left hand)
 n - a +6 ring of dexterity (right hand)
 q - a ring of protection from cold
Scrolls
 b - a scroll of immolation
 d - a scroll of magic mapping {unknown}
 i - a scroll of enchant weapon {unknown}
 l - a scroll of fear {unknown}
 r - a scroll of noise {unknown}
 u - a scroll of identify {unknown}
Potions
 h - a potion of degeneration
 j - a potion of mutation
 p - a potion of heal wounds {unknown}
 t - a potion of curing {unknown}


   Skills:
 + Level 2.8 Fighting
 + Level 5.7 Ranged Weapons
 + Level 1.3 Armour
 + Level 2.6 Dodging
 + Level 1.2 Stealth
 * Level 0.6 Invocations


You had 3 spell levels left.
You didn't know any spells.
Your spell library contained the following spells:

 Spells                   Type           Power      Damage    Failure   Level
 Apportation              Tloc           0%         N/A       58%         1
 Necrotise                Necr           0%         1d4       58%         1
 Sandblast                Erth           0%         2d4       58%         1
 Summon Small Mammal      Summ           0%         N/A       58%         1
 Vampiric Draining        Necr           0%         2d6       91%         3
 Agony                    Necr           0%         N/A       100%        5
 Blade Hands              Tmut           0%         N/A       100%        5
 Irradiate                Conj/Tmut      0%         3d11      100%        5
 Dragon Form              Tmut           0%         N/A       100%        7


Dungeon Overview and Level Annotations

Branches:
Dungeon (3/15)

Altars:
Elyvilon


Innate Abilities, Weirdness & Mutations

You have a pair of horns on your head.
You reflexively headbutt those who attack you in melee.
You have large cloven feet.
Your muscles are strong. (Str +4, Int/Dex -1)
You have hidden genetic potential.


Message History

Fire: a) +0 shortbow
Press: ? - help, Q - select action, (/) - cycle Shift-Dir - straight line, f/p - gnoll bouda
Aim: a gnoll bouda, wielding a +0 whip and wearing a +0 robe (69% to hit)
You shoot an arrow. The arrow hits the gnoll bouda.
The gnoll bouda is moderately wounded.
The gnoll closely misses you. The gnoll barely misses you.
The gnoll closely misses you. The gnoll barely misses you.
The gnoll hits you with a +0 whip!
Unknown command.
You enter the shallow water.
Moving in this stuff is going to be slow.
The gnoll hits you from afar with a +1 halberd of venom!
* * * LOW HITPOINT WARNING * * *
The gnoll hits you with a +0 flail.
* * * LOW HITPOINT WARNING * * *
The gnoll splashes around in the water.
The gnoll bouda hits you with a +0 whip.
* * * LOW HITPOINT WARNING * * *
The gnoll bouda attacks as you move away!
The gnoll bouda hits you with a +0 whip.
* * * LOW HITPOINT WARNING * * *
The gnoll attacks as you move away! The gnoll misses you.
The gnoll completely misses you. You furiously retaliate!
You headbutt the gnoll.
It was a potion of degeneration.
There was something very wrong with that liquid.
You feel weakened.
You feel dopey.
You feel clumsy. The gnoll closely misses you.
It was a potion of mutation.
You feel extremely strange.
You feel a hidden potential growing inside you.
You feel stronger.
Your feet thicken and deform.
The gnoll is no longer moving quickly.
The gnoll hits you with a +0 whip.
* * * LOW HITPOINT WARNING * * *
It was a potion of flight.
You feel very buoyant.
You fly up into the air.
It was a potion of brilliance.
You feel clever all of a sudden.
Your attacks no longer feel as feeble.
The gnoll hits you from afar with a +0 spear.
You die...

..†...#..# ...#......#..
..##..#.....### +#
...##........[##..# ##.?.
.#..#.............# #.....
.##.#.........###.###......
..#.#......................
..#.#.###.##...~..~...)....
...........~...♣@♣.~.......
#.......##..#~.~≈g≈~~......
.........#.≈~...~ggg)......
.........#(.♣~♣.~.≈~.......
.........#.~~≈~≈.~~≈~#....(
....)....##.≈~...~~~≈# ####
.........##~.~.~.≈.~.#
#.......###.≈~.~~..~≈#
...).....###~...~~#♣##


You could see a gnoll bouda and 3 gnolls.

Vanquished Creatures
  A gnoll (D:3)
  3 adders
  A worm (D:2)
  4 dart slugs
  4 orcs (D:3)
  4 ball pythons
  4 bats
  3 endoplasms
  2 giant cockroaches
  8 hobgoblins
  3 quokkas (D:1)
  3 frilled lizards
  2 goblins
  7 kobolds
  3 rats
52 creatures vanquished.

Notes
Turn   | Place    | Note
-------+----------+-------------------------------------------
     0 | D:1      | monsoonserge the Minotaur Hunter began the quest for the
                  | Orb.
     0 | D:1      | Reached XP level 1. HP: 18/18 MP: 0/0
   177 | D:1      | Reached XP level 2. HP: 23/25 MP: 1/1
   185 | D:1      | Reached skill level 5 in Ranged Weapons
   465 | D:1      | Reached XP level 3. HP: 26/30 MP: 2/2
  1033 | D:2      | Found a faded altar of an unknown god.
  1041 | D:2      | Got Plato's Folio of Metal
  1049 | D:2      | Prayed at the altar of an unknown god.
  1049 | D:2      | Became a worshipper of Elyvilon the Healer
  1049 | D:2      | Reached * piety under Elyvilon
  1331 | D:2      | Reached XP level 4. HP: 37/37 MP: 3/3
  1778 | D:3      | Reached skill level 1 in Armour
  1885 | D:3      | Reached skill level 1 in Stealth
  1892 | D:3      | Gained mutation: You have hidden genetic potential. [potion
                  | of mutation]
  1892 | D:3      | Gained mutation: Your muscles are strong. (Str +4, Int/Dex
                  | -1) [potion of mutation]
  1892 | D:3      | Gained mutation: You have large cloven feet. [potion of
                  | mutation]
  1892 | D:3      | HP: 1/37 [gnoll/+0 whip[a gnoll bouda] (2)]
  1894 | D:3      | Slain by a gnoll

Illustrated notes

Levels and vault maps discovered:
D:1:      dpeg_arrival_short_road, layout_basic, minmay_tetromino_s4
D:2:      layout_loops_ring, shapermc_ecumenical_altar_rom_forum,
          serial_co_window_serial, co_window_paths_a, co_window_corner_a,
          co_window_corner_a, co_window_paths_a, co_window_cross_1,
          co_window_corner_a, co_window_corner_a, co_window_broadway_c,
          co_window_of_opportunity_b, co_window_broadway_a,
          co_window_broadway_b, co_window_corner_cb, glass_columns_a,
          glass_columns_a, glass_columns_a, glass_columns_b, glass_columns_b,
          dk_noncrumbling_3
D:3:      layout_rooms, serial_rivers, chequers_serial_rivers_micro_a,
          chequers_serial_rivers_marsh, chequers_serial_rivers_room_b,
          chequers_serial_rivers_small_a

Skill      XL: |  1  2  3  4 |
---------------+-------------+-----
Ranged Weapons | 5 |  5.7
Armour         | 1 |  1.3
Stealth        | 1 |  1.2
Fighting       | |  2.8
Dodging        | |  2.6
Invocations    | |  0.6

Action                     |  1- 3 |  4- 6 || total
---------------------------+-------+-------++-------
   Fire: Shortbow          |   123 |    31 ||   154
    Use: Potion            |       |     4 ||     4
 Armour: Ring mail         |    12 |     6 ||    18
         Leather armour    |     3 |       ||     3
  Dodge: Dodged            |    38 |    15 ||    53
